 Dungeon Crawl Stone Soup version 0.25.1-1-g288607f5aa (webtiles) character file.

Game seed: 15828535029273198733

1923 Acheron the Cudgeler (level 8, -3/61 HPs)
             Began as a Demonspawn Hunter on July 22, 2020.
             Slain by an unseen horror (8 damage)
             ... on level 7 of the Dungeon.
             The game lasted 00:34:04 (6191 turns).

Acheron the Cudgeler (Demonspawn Hunter)            Turns: 6191, Time: 00:34:04

Health: -3/61      AC:  8    Str: 14    XL:     8   Next: 96%
Magic:  12/12      EV: 12    Int: 14    God:
Gold:   192        SH:  0    Dex: 15    Spells: 13/13 levels left

rFire    + . .     SeeInvis .   o - +2 flail (protect)
rCold    + . .     Gourm    .   (no shield)
rNeg     . . .     Faith    .   j - +0 ring mail
rPois    .         Spirit   .   (no helmet)
rElec    .         Reflect  .   B - scarf {rC+ rF+}
rCorr    .         Harm     .   g - +0 pair of gloves
MR       .....                  (no boots)
Stlth    ++........             (no amulet)
HPRegen  0.20/turn              (no ring)
MPRegen  0.13/turn              (no ring)

@: mighty, marked
A: hooves 1, yellow scales 1, blink, strong 1, wild magic 1
a: Blink


You were on level 7 of the Dungeon.
You were hungry.

You visited 2 branches of the dungeon, and saw 8 of its levels.

You collected 192 gold pieces.

Inventory:

Hand Weapons
 a - a +1 hunting sling
 o - a +2 flail of protection (weapon)
 u - a +3 short sword
 A - a +2 short sword of venom
Missiles
 d - 63 sling bullets
 i - 16 poisoned darts (quivered)
 l - 260 stones
Armour
 g - a +0 pair of gloves (worn)
 j - a +0 ring mail (worn)
 B - a scarf of resistance (worn)
Magical Staves
 t - an uncursed staff of summoning {unknown}
Jewellery
 b - a +6 ring of intelligence {unknown}
 r - an uncursed ring of magical power {unknown}
Wands
 x - a wand of random effects (11)
 y - a wand of flame (19)
Scrolls
 k - 2 scrolls of amnesia
 v - a scroll of magic mapping
Potions
 h - 4 potions of heal wounds
 n - a potion of curing
 p - a potion of resistance
 q - 3 potions of flight
Comestibles
 f - 8 rations
 z - 2 chunks of flesh


   Skills:
 * Level 4.5 Fighting
 + Level 1.8 Short Blades
 + Level 4.7 Maces & Flails
 + Level 4.1 Slings
 * Level 3.6 Armour
 * Level 4.0 Dodging
 * Level 4.0 Stealth
 * Level 3.1 Spellcasting
 * Level 3.2 Evocations


You had 13 spell levels left.
You didn't know any spells.
Your spell library was empty.

Dungeon Overview and Level Annotations

Branches:
Dungeon (7/15)             Temple (1/1) D:5

Altars:
Ashenzari
Cheibriados
Dithmenos
Fedhas
Gozag
Kikubaaqudgha
Makhleb
Sif Muna
Trog
Uskayaw
Vehumet
Wu Jian
Yredelemnul
Zin

Annotations:
D:3 1 runed translucent door, Crazy Yiuf
D:4 Blork the orc, Pikel
D:5 exclusion: upstairs


Innate Abilities, Weirdness & Mutations

You have large cloven feet.
You are partially covered in yellow scales. (AC +2)
You can translocate small distances at will.
Your muscles are strong. (Str +2)
Your spells are a little harder to cast, but a little more powerful.


Message History

You feel less wooden.
Your scarf of resistance unmelds from your body.
Your +0 pair of gloves unmelds from your body.
Your +0 ring mail unmelds from your body.
You feel resistant to extremes of temperature.
Something hits you but does no damage. x4
You barely miss something.
Something hits you but does no damage. x2
Something completely misses you.
You barely miss something. You kick something.
You are feeling hungry.
Something hits you. Something hits you!
* * * LOW HITPOINT WARNING * * *
Something hits you but does no damage.
You miss something. Something hits you!
* * * LOW HITPOINT WARNING * * *
Something hits you but does no damage. Something hits you.
* * * LOW HITPOINT WARNING * * *
Something hits you but does no damage. Something hits you but does no damage.
Something hits you!
You die...

#####################
....................#
###################.#
########..........#.# #
.........#......@.#.#.####.
###...............)........
#.###..#.#####†...#.####.
#.# #..# .. #.####.# . #.#
#..# ..##o# # . #.# #..#
.##.# . #.# #..# .... . #.#
#.)# #.# .##.###..# #.


You could see an orc.

Vanquished Creatures
  Harold (D:7)
  A centaur skeleton (D:5)
  Duvessa (D:5)
  An ice beast (D:7)
  An ogre (D:5)
  A big kobold (D:7)
  A bullfrog (D:6)
  Dowan (D:5)
  2 scorpions
  A crimson imp (D:5)
  A bullfrog skeleton (D:6)
  Jessica (D:3)
  2 worker ants
  A worker ant zombie (D:5)
  11 adders
  2 gnolls (D:1)
  An ooze (D:1)
  2 worms (D:3)
  3 dart slugs
  9 leopard geckos
  3 orcs
  6 giant cockroaches
  12 goblins
  6 hobgoblins
  9 jackals
  3 quokkas
  3 ball pythons
  8 bats
  7 frilled lizards
  21 kobolds
  3 rats
125 creatures vanquished.

Notes
Turn   | Place    | Note
-------+----------+-------------------------------------------
     0 | D:1      | Acheron the Demonspawn Hunter began the quest for the Orb.
     0 | D:1      | Reached XP level 1. HP: 16/16 MP: 1/1
   248 | D:2      | Reached skill level 1 in Stealth
   259 | D:2      | Gained mutation: You are partially covered in yellow
                  | scales. (AC +2) [demonic ancestry]
   259 | D:2      | Reached XP level 2. HP: 20/22 MP: 2/2
   533 | D:1      | Reached XP level 3. HP: 21/27 MP: 3/3
  1228 | D:1      | Reached skill level 1 in Short Blades
  1750 | D:2      | Reached XP level 4. HP: 28/33 MP: 4/4
  2214 | D:2      | Found a shattered altar of Ashenzari.
  2797 | D:3      | Reached skill level 1 in Armour
  2958 | D:3      | Reached XP level 5. HP: 36/39 MP: 5/5
  3070 | D:3      | Found a runed translucent door.
  3071 | D:3      | Noticed Crazy Yiuf
  3244 | D:4      | Noticed Pikel
  3244 | D:4      | Noticed a slave
  3244 | D:4      | Noticed a slave
  3244 | D:4      | Noticed a slave
  3244 | D:4      | Noticed a slave
  3532 | D:3      | Noticed Jessica
  3555 | D:3      | Killed Jessica
  3701 | D:3      | Reached skill level 1 in Maces & Flails
  4125 | D:4      | Reached XP level 6. HP: 42/46 MP: 5/7
  4155 | D:5      | Entered Level 5 of the Dungeon
  4182 | D:5      | Found a shadowy altar of Dithmenos.
  4234 | D:5      | Found an opulent altar of Gozag.
  4249 | D:5      | Reached skill level 1 in Spellcasting
  4268 | D:5      | Noticed a sky beast
  4304 | D:6      | Reached skill level 1 in Evocations
  4455 | D:6      | Noticed a sky beast
  4815 | D:6      | Noticed an ice beast
  4849 | D:6      | Reached XP level 7. HP: 52/52 MP: 9/9
  5044 | D:5      | Found a staircase to the Ecumenical Temple.
  5050 | Temple   | Entered the Ecumenical Temple
  5304 | D:5      | Noticed Duvessa
  5304 | D:5      | Noticed Dowan
  5315 | D:5      | Killed Duvessa
  5317 | D:5      | Killed Dowan
  5457 | D:4      | Noticed Blork the orc
  5535 | D:5      | Gained mutation: You have large cloven feet. [demonic
                  | ancestry]
  5535 | D:5      | Reached XP level 8. HP: 47/60 MP: 9/11
  6140 | D:7      | Noticed Harold
  6153 | D:7      | Gained mutation: Your spells are a little harder to cast,
                  | but a little more powerful. [potion of mutation]
  6153 | D:7      | Gained mutation: Your muscles are strong. (Str +2) [potion
                  | of mutation]
  6153 | D:7      | Gained mutation: You can translocate small distances at
                  | will. [potion of mutation]
  6177 | D:7      | Killed Harold
  6191 | D:7      | Slain by an unseen horror

Illustrated notes

Levels and vault maps discovered:
D:1:      kennysheep_arrival_forest, layout_basic, wad_floor_pattern_untrapped
D:2:      layout_rooms, ashenzari_conservatory_becter, first_ration
D:3:      layout_basic, serial_corexii_hall, chequers_hall_statues_corner_a,
          corexii_hall_statues_i, corexii_hall_statues_t,
          chequers_hall_statues_wall_a, chequers_hall_statues_y,
          chequers_hall_statues_corner_a, grunt_decor_arrowhead,
          uniq_crazy_yiuf_cottage, uniq_jessica
D:4:      layout_basic, old_standard_altar, uniq_blork_the_orc, uniq_pikel
D:5:      layout_gridville, grunt_dithmenos_smoke_and_mirrors,
          nicolae_gozag_cash_rules_everything_around_me,
          minmay_temple_entry_hall, portal_sewer_entry_f, uniq_duvessa
D:6:      layout_basic, gammafunk_temple_overflow_elements, serial_shops,
          nicolae_shop_crystal
D:7:      layout_basic, hangedman_ru_absence, elyvilon_altar_4, uniq_harold
Temple:   minmay_temple_curvy_loop

Skill      XL: |  1  2  3  4  5  6  7  8 |
---------------+-------------------------+-----
Stealth        | 1 2 3 4 |  4.0
Slings         | 4 |  4.1
Dodging        | 2 3 4 |  4.0
Short Blades   | 1 |  1.8
Armour         | 1 2 3 |  3.6
Maces & Flails | 1 2 3 4 |  4.7
Spellcasting   | 1 2 3 |  3.1
Evocations     | 1 2 3 |  3.2
Fighting       | 3 4 |  4.5

Action                   |  1- 3 |  4- 6 |  7- 9 || total
-------------------------+-------+-------+-------++-------
Melee: Short sword       |   181 |   105 |       ||   286
       Flail             |       |   177 |   156 ||   333
       Kick              |       |       |    16 ||    16
 Fire: Hunting sling     |    11 |       |       ||    11
Evoke: Wand              |       |     1 |     3 ||     4
  Use: Scroll            |       |    13 |     2 ||    15
       Potion            |       |       |     4 ||     4
  Eat: Chunk             |     3 |     8 |     3 ||    14
       Ration            |       |     1 |       ||     1
Armor: Leather armour    |     4 |       |       ||     4
       Ring mail         |    92 |   165 |    80 ||   337
       Skin              |       |       |    53 ||    53
Dodge: Dodged            |   109 |   202 |   102 ||   413
